 Dungeon Crawl Stone Soup version 0.27-a0-1066-g29160eaed2 (webtiles) character file.

Game seed: 3122511307608392189

4 LordDeathwing the Sneak (level 1, 0/15 HPs)
             Began as a Naga Hedge Wizard on Apr 24, 2021.
             Slain by a rat (2 damage)
             ... on level 1 of the Dungeon.
             The game lasted 00:03:57 (442 turns).

LordDeathwing the Sneak (Naga Hedge Wizard)          Turns: 442, Time: 00:03:57

Health: 0/15       AC:  4    Str: 12    XL:     1   Next: 60%
Magic:  1/4        EV:  9    Int: 14    God:
Gold:   34         SH:  0    Dex: 10    Spells: 5/6 levels left

rFire    . . .     SeeInvis +   a - +0 dagger
rCold    . . .     Faith    .   (no shield)
rNeg     . . .     Spirit   .   d - +3 leather armour
rPois    +         Reflect  .   c - +0 hat
rElec    .         Harm     .   (no cloak)
rCorr    .         Rampage  .   (no gloves)
Will     .....                  (no barding)
Stlth    ++........             (no amulet)
HPRegen  0.05/turn              (no ring)
MPRegen  0.09/turn              (no ring)

@: very slow
A: AC +0, large, see invisible, deformed body, poison resistance, slowness 2,
spit poison 1, naga tail 1
a: Spit Poison


You were on level 1 of the Dungeon.
You visited 1 branch of the dungeon, and saw 1 of its levels.

You collected 34 gold pieces.

Inventory:

Hand Weapons
 a - a +0 dagger (weapon)
Armour
 c - a +0 hat (worn)
 d - a +3 leather armour (worn)
Scrolls
 e - 2 scrolls of magic mapping {unknown}
 f - a scroll of identify {unknown}
Potions
 b - a potion of might {unknown}


   Skills:
 + Level 0.0 Armour
 - Level 1.5 Dodging
 + Level 3.1 Stealth
 + Level 3.0 Spellcasting
 + Level 1.0 Conjurations
 * Level 1.2 Summonings
 - Level 1.0 Translocations
 + Level 0.1 Fire Magic


You had 5 spell levels left.
You knew the following spells:

 Your Spells              Type           Power      Damage    Failure   Level
a - Magic Dart            Conj           20%        1d4       19%         1

Your spell library contained the following spells:

 Spells                   Type           Power      Damage    Failure   Level
 Summon Small Mammal      Summ           20%        N/A       17%         1
 Blink                    Tloc           N/A        N/A       26%         2
 Call Imp                 Summ           5%         N/A       26%         2
 Slow                     Hex            2%         N/A       38%         2
 Call Canine Familiar     Summ           5%         N/A       45%         3
 Conjure Flame            Conj/Fire      3%         6-21      54%         3
 Summon Guardian Golem    Hex/Summ       3%         N/A       54%         3
 Mephitic Cloud           Conj/Pois/Air  3%         N/A       56%         3
 Summon Ice Beast         Ice/Summ       3%         N/A       91%         4
 Summon Lightning Spire   Summ/Air       3%         N/A       91%         4


Dungeon Overview and Level Annotations

Branches:
Dungeon (1/15)

Altars:


Innate Abilities, Weirdness & Mutations

Your serpentine skin is tough. (AC +0)
You have supernaturally acute eyesight. (SInv)
Armour fits poorly on your strangely shaped body.
Your system is resistant to poisons. (rPois)
You cover ground very slowly.
You can spit poison.
You have a snake-like lower body.


Message History

The magic dart hits the jackal.
You kill the jackal!
Aiming: Magic Dart (safe; 19% risk of failure)
Press: ? - help, Q - select action, (/) - cycle Shift-Dir - straight line, f - jackal
Aim: a jackal (100% to hit)
The magic dart hits the jackal.
The jackal is heavily wounded.
The rat bites you but does no damage.
A giant cockroach comes into view.
The jackal bites you but does no damage.
You hit the jackal but do no damage.
The jackal is heavily wounded.
The jackal bites you but does no damage.
The rat bites you. The jackal barely misses you.
You closely miss the jackal.
The jackal is heavily wounded.
The rat closely misses you.
The jackal bites you but does no damage.
You hit the jackal.
The jackal is almost dead.
The jackal bites you. The rat barely misses you. The jackal barely misses you.
Your leather armour prevents you from hitting the jackal.
The jackal is almost dead.
The rat barely misses you. The jackal barely misses you.
You closely miss the jackal.
The jackal is almost dead.
The rat misses you. The jackal bites you.
You closely miss the jackal.
The jackal is almost dead.
The jackal barely misses you. The rat bites you. The jackal bites you.
* * * LOW HITPOINT WARNING * * *
You barely miss the jackal.
The jackal is almost dead.
The rat bites you.
* * * LOW HITPOINT WARNING * * *
The jackal barely misses you.
You hit the jackal.
You kill the jackal!
The rat bites you.
You die...

.. #.#...≈PP≈♣≈♣≈.P ..#
#.#.P≈P≈♣♣≈≈PP≈# ..
#.#.PP≈≈♣♣♣PPP.# #.
#.#..≈≈≈♣♣PP.≈.. #.#
#.#.≈P≈≈≈≈♣PP### #####..
#.#.≈PP≈≈≈♣PPP≈#
.......##.###.P≈P≈≈♣r≈P≈
#>..#.#####...PP♣≈≈≈
#.#@#.........PPPP≈♣ #
#.r#######.##.PP≈P ##.##
#.##.##≈. #..# #.##.#
##.## #.##.# #..# #.##.#
##.## #.##.#
#.####..####.##.####
#.........#.........


You could see a rat.

Vanquished Creatures
  An endoplasm (D:1)
  3 jackals (D:1)
4 creatures vanquished.

Vanquished Creatures (others)
  3 plants (D:1)
3 creatures vanquished.

Grand Total: 7 creatures vanquished

Notes
Turn   | Place    | Note
-------+----------+-------------------------------------------
     0 | D:1      | LordDeathwing the Naga Hedge Wizard began the quest for the
                  | Orb.
     0 | D:1      | Reached XP level 1. HP: 15/15 MP: 4/4
   442 | D:1      | Slain by a rat

Illustrated notes

Levels and vault maps discovered:
D:1:      dpeg_arrival_more_subterranean_lakeside_camping, layout_basic,
          serial_bayou, serial_bayou_pond_b, serial_bayou_pond_e,
          serial_bayou_lagoon_a, serial_bayou_pond_c

Action                   || total
-------------------------++-------
Melee: Dagger            ||    15
 Cast: Magic Dart        ||     5
 Abil: Spit Poison       ||     2
Armor: Leather armour    ||     4
Dodge: Dodged            ||    15

Table legend: (Time is in decaauts)
 A = Elapsed time spent in this place.
 B = Non-inter-level travel time spent in this place.
 C = Inter-level travel time spent in this place.
 D = Time resting spent in this place.
 E = Time spent auto-exploring this place.
 F = Levels seen in this place.
 G = Mean time per level.
                   A        B        C        D        E       F      G
               +--------+--------+--------+--------+--------+-----+--------+
         Total |    585 |    585 |      0 |      0 |    511 |   1 |  585.0 |
       Dungeon |    585 |    585 |      0 |      0 |    511 |   1 |  585.0 |
               +--------+--------+--------+--------+--------+-----+--------+

Top non-repeatable levels by time:
     D:1: 585 daAuts
